 Dungeon Crawl Stone Soup version 0.30-a0-1075-gcd70e7a56d (webtiles) character file.

Game seed: 10915980771377340185

2384 snarfax the Spear-Bearer (level 9, -2/68 HPs)
             Began as a Merfolk Gladiator on Apr 14, 2023.
             Was a Believer of Elyvilon.
             Slain by a steam dragon (9 damage)
             ... on level 7 of the Dungeon.
             The game lasted 00:14:31 (6848 turns).

snarfax the Spear-Bearer (Merfolk Gladiator)        Turns: 6848, Time: 00:14:31

Health: -2/68      AC:  9    Str: 18    XL:     9   Next: 45%
Magic:  9/9        EV: 17    Int:  7    God:    Elyvilon [**....]
Gold:   71         SH:  0    Dex: 22    Spells: 8/8 levels left

rFire   . . .      SeeInvis .    a - +1 trident
rCold   . . .      Faith    .    (no shield)
rNeg    . . .      Spirit   .    B - +0 swamp dragon scales
rPois   +          Reflect  .    c - +0 helmet
rElec   .          Rampage  .    (no cloak)
rCorr   .                        (no gloves)
Will    +....                    p - +0 pair of boots
Stlth   +                        (no amulet)
HPRegen 0.31/turn                h - ring of willpower
MPRegen 0.11/turn                v - +6 ring of dexterity

@: mighty
A: (nimble swimmer 2), mertail
a: Renounce Religion, Purification, Heal Other


You were on level 7 of the Dungeon.
You worshipped Elyvilon.
Elyvilon was pleased with you.
You visited 2 branches of the dungeon, and saw 8 of its levels.

You collected 421 gold pieces.
You spent 350 gold pieces at shops.

Inventory:

Hand Weapons
 a - a +1 trident (weapon)
Missiles
 d - a throwing net (quivered)
 e - a javelin
Armour
 b - a +0 leather armour
 c - a +0 helmet (worn)
 l - a +0 chain mail
 m - a +0 scale mail
 p - a +0 pair of boots (worn)
 B - +0 swamp dragon scales (worn)
Jewellery
 h - a ring of willpower (left hand)
 v - a +6 ring of dexterity (right hand)
 E - a ring of protection from cold
Wands
 f - a wand of digging (8)
 w - a wand of light (10)
Scrolls
 g - 2 scrolls of vulnerability
 i - a scroll of enchant weapon
 q - a scroll of enchant armour
 r - a scroll of fear
 t - a scroll of amnesia
 y - 2 scrolls of teleportation
 A - a scroll of magic mapping
 D - 2 scrolls of identify
Potions
 j - 4 potions of lignification
 k - 2 potions of resistance
 n - 2 potions of attraction
 o - 4 potions of flight
 s - 2 potions of invisibility
 x - a potion of cancellation
 z - 3 potions of curing


   Skills:
 + Level 5.2 Fighting
 * Level 12.8 Polearms
 - Level 2.0 Throwing
 + Level 9.6 Dodging


You had 8 spell levels left.
You didn't know any spells.
Your spell library contained the following spells:

 Spells                   Type           Power      Damage    Failure   Level
 Necrotise                Necr           0%         1d4       63%         1
 Vampiric Draining        Necr           0%         2d6       94%         3
 Vhi's Electric Charge    Tloc/Air       0%         N/A       94%         3
 Agony                    Necr           0%         N/A       100%        5
 Arcjolt                  Conj/Air       0%         1d10      100%        5
 Plasma Beam              Fire/Air       0%         2x1d11    100%        6
 Chain Lightning          Conj/Air       0%         N/A       100%        9
 Fire Storm               Conj/Fire      0%         5d1       100%        9
 Shatter                  Erth           0%         3d5*      100%        9


Dungeon Overview and Level Annotations

Branches:
Dungeon (7/15)             Temple (1/1) D:4

Altars:
Cheibriados
Dithmenos
Elyvilon
Fedhas
Gozag
Hepliaklqana
Kikubaaqudgha
Okawaru
Qazlal
Ru
Sif Muna
Trog
Uskayaw
Vehumet
Wu Jian
Yredelemnul
Zin

Shops:
D:6 =!*?

Annotations:
D:7 2 runed translucent doors, patfeehan111222's ghost, novice DsBe
Temple 2 transporters


Innate Abilities, Weirdness & Mutations

((You are very nimble when in or above water. (Stealth+, EV+, Speed+++)))
Your lower body shifts to a powerful aquatic tail in water.


Message History

Prince Ribbit is heavily wounded.
Prince Ribbit says, "You're just another fly to me."
Prince Ribbit hits you!
* * * LOW HITPOINT WARNING * * *
You feel much better. Prince Ribbit hits you.
You hit Prince Ribbit.
Prince Ribbit is heavily wounded.
Prince Ribbit hits you!
You puncture Prince Ribbit!
Prince Ribbit is severely wounded.
Prince Ribbit blinks!
Reach: a) +1 trident
Press: ? - help, Dir - move target, f/p - steam dragon
Aim: a steam dragon (almost dead, about 29% to evade your +1 trident)
You reach to attack!
You hit the steam dragon but do no damage.
The steam dragon is almost dead.
The steam dragon breathes steam at you. The ball of steam hits you!!
* * * LOW HITPOINT WARNING * * *
You feel much better.
You are engulfed in a cloud of scalding steam.
Prince Ribbit is engulfed in a cloud of scalding steam.
Prince Ribbit hits you!
* * * LOW HITPOINT WARNING * * *
Prince Ribbit is engulfed in a cloud of scalding steam.
Prince Ribbit dies!
Prince Ribbit returns to his original shape as he dies.
You hit the steam dragon.
The steam dragon is almost dead.
The steam dragon closely misses you. x2
The steam dragon breathes steam at you. The ball of steam hits you!!
Elyvilon protects you from harm! The steam dragon bites you!
* * * LOW HITPOINT WARNING * * *
The steam dragon barely misses you.
You feel very mighty all of a sudden. The steam dragon bites you!
You die...

#...........# ########.###.###
#.####..###.# ##.##..# #.#
#..# #.# #########.....##
..####..###.# #.............#
............####.#######.....#
..##.#........##.# #.....# #
..###...##..#.##.# #.....# #
..# ##.###.....#§# .......#
..# #.# #.....†@# #.##..#.#
..# ...##..###D## #. #..#.#
... ........# #.#
##...##..###.# . ##§..§..###
....§§§....# ######.##..#
.....F.........
####.##..######


You could see a steam dragon (catching breath).

Vanquished Creatures
  Maggie (D:6)
  Eustachio (D:5)
  A steam dragon (D:7)
  3 water moccasins
  2 black bears (D:6)
  An orc warrior (D:7)
  An ice beast (D:6)
  An ogre (D:5)
  A centaur (D:7)
  A phantom (D:5)
  5 scorpions
  A bullfrog (D:6)
  A jelly (D:6)
  3 hounds
  3 orc priests
  A sleepcap (D:5)
  An iguana (D:6)
  An orc wizard (D:3)
  6 adders
  3 gnolls (D:5)
  A worm (D:2)
  3 dart slugs
  8 orcs
  3 ball pythons
  10 endoplasms
  2 giant cockroaches
  9 goblins
  4 hobgoblins
  6 jackals (D:2)
  3 quokkas
  5 bats
  4 frilled lizards
  6 kobolds
  6 rats
108 creatures vanquished.

Vanquished Creatures (others)
  Prince Ribbit (D:7)
1 creature vanquished.

Grand Total: 109 creatures vanquished

Notes
Turn   | Place    | Note
-------+----------+-------------------------------------------
     0 | D:1      | snarfax the Merfolk Gladiator began the quest for the Orb.
     0 | D:1      | Reached XP level 1. HP: 16/16 MP: 1/1
   115 | D:1      | Reached XP level 2. HP: 22/22 MP: 2/2
  1076 | D:2      | Reached skill level 5 in Polearms
  1147 | D:2      | Reached XP level 3. HP: 25/27 MP: 3/3
  1453 | D:2      | Identified the +0 ring mail of Unaihadua {+Blink rCorr
                  | Dex+4}
  1519 | D:2      | Identified the +8 scale mail "Rickes" {SInv}
  1549 | D:2      | Found a faded altar of an unknown god.
  1750 | D:2      | Reached XP level 4. HP: 33/33 MP: 4/4
  1986 | D:3      | Reached skill level 6 in Polearms
  1986 | D:3      | Reached skill level 5 in Dodging
  2021 | D:3      | Reached XP level 5. HP: 32/38 MP: 5/5
  2223 | D:3      | Reached skill level 7 in Polearms
  2320 | D:3      | Noticed an air elemental
  2324 | D:3      | Found a stormy altar of Qazlal.
  2326 | D:3      | Noticed a fire elemental
  2326 | D:3      | Noticed a water elemental
  2796 | D:4      | Found a staircase to the Ecumenical Temple.
  2806 | Temple   | Entered the Ecumenical Temple
  2806 | Temple   | Found a transporter.
  2806 | Temple   | Found a transporter.
  2808 | Temple   | Found a transporter.
  2808 | Temple   | Found a transporter.
  2843 | Temple   | Became a worshipper of Elyvilon the Healer
  2882 | D:4      | Found a hazy altar of Hepliaklqana.
  2970 | D:4      | Found an opulent altar of Gozag.
  3376 | D:4      | Reached * piety under Elyvilon
  3473 | D:4      | Reached XP level 6. HP: 27/44 MP: 6/6
  3729 | D:5      | Entered Level 5 of the Dungeon
  3818 | D:5      | Reached skill level 8 in Polearms
  4055 | D:5      | Reached XP level 7. HP: 46/50 MP: 7/7
  4252 | D:5      | Noticed Eustachio
  4324 | D:5      | Killed Eustachio
  4325 | D:5      | Reached skill level 9 in Polearms
  4399 | D:5      | Identified the +6 hand axe "Biloasch" {freeze, rPois Will+
                  | Dex+4 Stlth+}
  4754 | D:5      | Found a blossoming altar of Fedhas.
  5129 | D:6      | Reached ** piety under Elyvilon
  5162 | D:6      | Reached skill level 10 in Polearms
  5162 | D:6      | Reached XP level 8. HP: 56/56 MP: 8/8
  5261 | D:6      | Found Bing's Jewellery Boutique.
  5298 | D:6      | Found a sacrificial altar of Ru.
  5342 | D:6      | Found Xydocliri's Distillery.
  5508 | D:6      | Bought a potion of heal wounds for 70 gold pieces
  5508 | D:6      | Bought a potion of curing for 42 gold pieces
  5508 | D:6      | Bought a potion of heal wounds for 70 gold pieces
  5508 | D:6      | Bought a potion of curing for 42 gold pieces
  5591 | D:6      | Noticed Maggie
  5619 | D:6      | Killed Maggie
  5620 | D:6      | Reached skill level 11 in Polearms
  5754 | D:6      | Found Evogeteg's General Store.
  5770 | D:6      | Bought a potion of might for 44 gold pieces
  6001 | D:6      | Found Guriq's Magic Scroll Boutique.
  6009 | D:6      | Bought a scroll of enchant armour for 82 gold pieces
  6123 | D:6      | Reached XP level 9. HP: 63/66 MP: 9/9
  6332 | D:7      | Found a large runed translucent door.
  6332 | D:7      | Found a large runed translucent door.
  6337 | D:7      | Noticed patfeehan111222's ghost (novice DsBe)
  6360 | D:7      | Reached skill level 12 in Polearms
  6624 | D:7      | Reached skill level 5 in Fighting
  6822 | D:7      | Noticed Prince Ribbit
  6844 | D:7      | Killed Prince Ribbit
  6846 | D:7      | Elyvilon protects you from harm!
  6848 | D:7      | Slain by a steam dragon

Illustrated notes

Levels and vault maps discovered:
D:1:      minmay_arrival_three_doors, layout_basic
D:2:      layout_loops_corners, ebering_ecumenical_altar_petrified
D:3:      layout_loops_cross, nicolae_qazlal_style_of_elements,
          nrook_mini_backslash
D:4:      layout_gridville, grunt_gozag_statues, lemuel_crystal_altar,
          temple_pool_b
D:5:      layout_basic, fedhas_altar_3, serial_rivers,
          chequers_serial_rivers_room_b, chequers_serial_rivers_micro_b,
          chequers_serial_rivers_marsh, chequers_serial_rivers_marsh,
          chequers_serial_rivers_large_a, chequers_serial_rivers_micro_d,
          uniq_eustachio
D:6:      layout_loops_ring, mainiacjoe_overflow_alcove_1, serial_shops,
          nicolae_shop_waterfront, shop_coins, shop, nicolae_shop_statue_plus,
          minmay_misc_feat_cross, uniq_maggie
D:7:      layout_loops_ring, ebering_ghost_disaster_area, uniq_prince_ribbit1
Temple:   hellmonk_temple_divided_pantheon

Skill      XL: |  1  2  3  4  5  6  7  8  9 |
---------------+----------------------------+-----
Polearms       | 5 6 7 8 10 11 12 | 12.8
Dodging        | 5 6 7 8 9 |  9.6
Fighting       | 4 5 |  5.2
Throwing       | |  2.0

Action                     |  1- 3 |  4- 6 |  7- 9 || total
---------------------------+-------+-------+-------++-------
  Melee: Trident           |   129 |   146 |   259 ||   534
         Punch             |     1 |     2 |     5 ||     8
  Throw: Throwing net      |       |       |     7 ||     7
         Javelin           |       |       |     1 ||     1
    Use: Scroll            |     6 |     6 |     4 ||    16
         Potion            |       |       |     4 ||     4
   Stab: Distracted        |     1 |       |       ||     1
         Sleeping          |     6 |     1 |     2 ||     9
         Held in net/web   |       |       |     2 ||     2
 Armour: Leather armour    |    34 |    23 |    16 ||    73
         Swamp dragon scal |       |       |    19 ||    19
  Dodge: Dodged            |    62 |    83 |   164 ||   309

Table legend: (Time is in decaauts)
 A = Elapsed time spent in this place.
 B = Non-inter-level travel time spent in this place.
 C = Inter-level travel time spent in this place.
 D = Time resting spent in this place.
 E = Time spent auto-exploring this place.
 F = Levels seen in this place.
 G = Mean time per level.
                   A        B        C        D        E       F      G
               +--------+--------+--------+--------+--------+-----+--------+
         Total |   6750 |   6516 |    234 |    377 |   5088 |   8 |  843.8 |
       Dungeon |   6694 |   6476 |    218 |    377 |   5088 |   7 |  956.3 |
        Temple |     55 |     39 |     16 |      0 |      0 |   1 |   55.0 |
               +--------+--------+--------+--------+--------+-----+--------+

Top non-repeatable levels by time:
     D:5: 1357 daAuts
     D:6: 1120 daAuts
     D:1: 1052 daAuts
     D:2: 935 daAuts
     D:4: 890 daAuts
     D:3: 790 daAuts
     D:7: 548 daAuts
  Temple: 55 daAuts
